 Dungeon Crawl Stone Soup version 0.28.0-45-g0d030f2227 (webtiles) character file.

Game seed: 16514429278433241278

50407 McKennaii the Warrior (level 14, -16/123 HPs)
             Began as a Demonspawn Fighter on Apr 7, 2022.
             Was an Initiate of Gozag.
             Demolished by a polar bear simulacrum (19 damage)
             ... in an ice cave.
             The game lasted 00:32:50 (18371 turns).

McKennaii the Warrior (Demonspawn Fighter)         Turns: 18371, Time: 00:32:50

Health: -16/123    AC: 31    Str: 20    XL:     14   Next: 19%
Magic:  14/14      EV: 11    Int: 11    God:    Gozag
Gold:   3057       SH:  0    Dex: 13    Spells: 13/13 levels left

rFire   . . .      SeeInvis .   A - +3 short sword (vamp)
rCold   . . .      Faith    .   (no shield)
rNeg    . . .      Spirit   .   y - +0 plate armour
rPois   +          Reflect  .   t - +2 helmet
rElec   .          Harm     .   v - +1 cloak {rPois}
rCorr   .          Rampage  .   Q - +0 pair of gloves
Will    ++...                   F - +0 pair of boots
Stlth   ..........              e - amulet of regeneration
HPRegen 1.10/turn               p - +4 ring of evasion
MPRegen 0.14/turn               B - +4 ring of protection

@: brilliant, gold aura, hasted, very quick
A: slimy green scales 1, ignite blood 3, spiny 1, demonic willpower, demonic
touch 1
a: Renounce Religion, Potion Petition, Call Merchant, Bribe Branch


You were in an ice cave.
You worshipped Gozag.
Gozag was most pleased with you.
You visited 3 branches of the dungeon, and saw 19 of its levels.
You also visited: Sewer and Ice Cave.

You collected 4046 gold pieces.
You spent 279 gold pieces at shops.
You paid 710 gold pieces to Gozag.

Inventory:

Hand Weapons
 s - the +8 war axe of the Sky {elec, Str+3}
   (You found it on level 9 of the Dungeon)

   It occasionally discharges a powerful burst of electricity upon striking a
   foe.
   Str:       It affects your strength (+3).
 A - a +3 vampiric short sword (weapon)
 D - a +4 spear of venom
 L - the +11 scimitar of Intimidation {vorpal, Dex+4}
   (You bought it in a shop on level 2 of the Lair of Beasts)

   It inflicts extra damage upon your enemies.
   Dex:       It affects your dexterity (+4).
Armour
 t - a +2 helmet (worn)
 v - a +1 cloak of poison resistance (worn)
 y - a +0 plate armour (worn)
 F - a +0 pair of boots (worn)
 Q - a +0 pair of gloves (worn)
Jewellery
 e - an amulet of regeneration (around neck)
 k - a ring of poison resistance
 p - a +4 ring of evasion (left hand)
 B - a +4 ring of protection (right hand)
 E - the amulet of Winter {RegenMP rF+ rCorr}
   (You found it on level 9 of the Dungeon)

   [amulet of magic regeneration]

   It increases your rate of magic regeneration.
   rF:        It protects you from fire.
   rCorr:     It protects you from acid and corrosion.
Wands
 h - a wand of paralysis (5)
 z - a wand of flame (33)
 I - a wand of polymorph (15)
 M - a wand of iceblast (12)
 R - a wand of acid (1)
 S - a wand of mindburst (6)
Scrolls
 b - 4 scrolls of immolation {unknown}
 c - 15 scrolls of identify
 f - 2 scrolls of torment
 g - a scroll of holy word
 i - 9 scrolls of teleportation
 j - 5 scrolls of enchant armour
 m - a scroll of fear {unknown}
 n - 5 scrolls of magic mapping {unknown}
 q - 2 scrolls of noise {unknown}
 u - 3 scrolls of vulnerability {unknown}
 G - 2 scrolls of fog {unknown}
 H - 2 scrolls of enchant weapon {unknown}
 T - a scroll of amnesia {unknown}
Potions
 a - 2 potions of heal wounds {unknown}
 d - 3 potions of might
 l - 6 potions of mutation
 o - a potion of resistance
 r - 2 potions of lignification
 w - a potion of berserk rage
 x - 2 potions of brilliance
 C - a potion of flight {unknown}
 J - 5 potions of ambrosia
 K - a potion of magic {unknown}
 N - 2 potions of haste
 O - a potion of invisibility {unknown}
 P - a potion of attraction {unknown}


   Skills:
 + Level 15.0 Fighting
 + Level 12.3(12.4) Short Blades
 - Level 1.4(8.0) Long Blades
 - Level 3.0 Polearms
 + Level 13.9 Armour
 - Level 3.5 Shields


You had 13 spell levels left.
You didn't know any spells.
Your spell library contained the following spells:

 Spells                   Type           Power      Damage    Failure   Level
 Animate Skeleton         Necr           0%         N/A       99%         1
 Apportation              Tloc           0%         N/A       99%         1
 Foxfire                  Conj/Fire      0%         2x1d4     99%         1
 Pain                     Necr           0%         1d4       99%         1
 Sandblast                Erth           0%         2d4       99%         1
 Shock                    Conj/Air       0%         1d3       99%         1
 Sting                    Tmut/Pois      0%         1d3       99%         1
 Summon Small Mammal      Summ           0%         N/A       99%         1
 Ensorcelled Hibernation  Hex/Ice        0%         N/A       100%        2
 Passwall                 Tmut/Erth      0%         N/A       100%        2
 Poisonous Vapours        Pois/Air       0%         N/A       100%        2
 Scorch                   Fire           0%         2d5       100%        2
 Sublimation of Blood     Necr           0%         N/A       100%        2
 Conjure Flame            Conj/Fire      0%         6-21      100%        3
 Inner Flame              Hex/Fire       0%         N/A       100%        3
 Spider Form              Tmut/Pois      0%         N/A       100%        3
 Stone Arrow              Conj/Erth      0%         3d7       100%        3
 Swiftness                Air            0%         N/A       100%        3
 Vampiric Draining        Necr           0%         2d6       100%        3
 Airstrike                Air            0%         N/A       100%        4
 Anguish                  Hex/Necr       0%         N/A       100%        4
 Animate Dead             Necr           0%         N/A       100%        4
 Flame Wave               Conj/Fire      0%         2d4       100%        4
 Leda's Liquefaction      Hex/Erth       0%         N/A       100%        4
 Olgreb's Toxic Radiance  Pois           0%         N/A       100%        4
 Petrify                  Tmut/Erth      0%         N/A       100%        4
 Blade Hands              Tmut           0%         N/A       100%        5
 Borgnjor's Vile Clutch   Necr/Erth      0%         N/A       100%        5
 Irradiate                Conj/Tmut      0%         3d13      100%        5
 Lee's Rapid Deconstruct  Erth           0%         3d5*      100%        5
 Death Channel            Necr           0%         N/A       100%        6
 Statue Form              Tmut/Erth      0%         N/A       100%        6
 Summon Cactus Giant      Summ           0%         N/A       100%        6
 Dragon Form              Tmut           0%         N/A       100%        7


Dungeon Overview and Level Annotations

Branches:
Dungeon (12/15)            Temple (1/1) D:6            Lair (6/6) D:8
  Swamp (0/4) Lair:4        Snake (0/4) Lair:4          Orc (0/2) D:9
  Sewer (visited)           IceCv (1/1)
  Slime: Lair:5-6

Altars:
Ashenzari
Cheibriados
Dithmenos
Elyvilon
Fedhas
Gozag
Hepliaklqana
Kikubaaqudgha
Makhleb
Nemelex Xobeh
Okawaru
Qazlal
Ru
Sif Muna
Trog
Uskayaw
Vehumet
Wu Jian
Xom
Yredelemnul
Zin
The Shining One
Beogh

Shops:
D:11 [   Lair:2 (

Annotations:
D:12 Josephine


Innate Abilities, Weirdness & Mutations

You are partially covered in slimy green scales. (AC +2)
Your demonic aura causes all spilled blood to erupt in flames.
You are partially covered in sharp spines.
You punish those that try to bend your will. (Will+)
Your touch may inflict minor irresistible damage on your foes.


Message History

Unknown command.
You hit the death yak simulacrum but do no damage.
The death yak simulacrum is lightly damaged.
The anaconda simulacrum is struck by your spines.
The anaconda simulacrum closely misses you.
The wolf simulacrum is engulfed in blazing flames.
The wolf simulacrum vaporises!
Unknown command.
Unknown command.
You hit the death yak simulacrum.
The death yak simulacrum is lightly damaged.
The anaconda simulacrum bites you! The anaconda simulacrum freezes you!!
Unknown command.
The death yak simulacrum is distracted by your dazzling golden aura.
The polar bear simulacrum closely misses you.
The polar bear simulacrum barely misses you.
The polar bear simulacrum claws you but does no damage.
The anaconda simulacrum is engulfed in blazing flames.
The anaconda simulacrum bites you! The anaconda simulacrum freezes you!!
* * * LOW HITPOINT WARNING * * *
There is an ice covered gate leading back out of this place, spattered with blood here.
It was a potion of brilliance.
You feel clever all of a sudden.
The anaconda simulacrum is engulfed in blazing flames.
The anaconda simulacrum closely misses you.
The polar bear simulacrum bites you but does no damage.
The polar bear simulacrum barely misses you.
The polar bear simulacrum claws you but does no damage.
Unknown command.
Unknown command.
It was a potion of haste.
You feel yourself speed up.
The death yak simulacrum is no longer distracted by gold.
The anaconda simulacrum is engulfed in blazing flames.
The anaconda simulacrum vaporises!
The death yak simulacrum is engulfed in blazing flames.
The polar bear simulacrum bites you!
* * * LOW HITPOINT WARNING * * *
The polar bear simulacrum freezes you!!
You die...
Your body crumbles into a pile of gold.

####
##...####
........##
.........##
..........##
?..8.......#
.!......W..#
©[?....ZZ@.#
.$......Z..#
)..8.......#
..........##
.........##
........##
##...####
####


You could see a freezing wraith, 2 death yak simulacra and a polar bear
simulacrum.

Vanquished Creatures
  Kirke (Lair:4)
  A great orb of eyes (shapeshifter) (D:9)
  Harold (D:10)
  A boulder beetle (Lair:4)
  7 hydras
  A centaur warrior (D:9)
  A catoblepas (Lair:6)
  3 two-headed ogres
  Sonja (Lair:2)
  A fire crab (Lair:6)
  The ghost of Andrea the Carver, a novice HuFi (D:9)
  Pikel (D:4)
  An orc knight (D:11)
  9 elephants
  A manticore (D:11)
  Maurice (D:8)
  9 black mambas
  20 cane toads
  An unseen horror (D:11)
  Maggie (D:8)
  A rime drake (Lair:3)
  An anaconda simulacrum (IceCv)
  6 komodo dragons
  A queen bee (D:8)
  3 trolls
  A tyrant leech (Lair:4)
  A hornet (D:9)
  4 dream sheep (Lair:6)
  5 blink frogs (Lair:2)
  Prince Ribbit (D:9)
  3 wyverns
  55 yaks
  2 humans (Lair:4)
  A hog (Lair:4)
  A basilisk (Lair:4)
  5 steam dragons
  3 vampire mosquitoes
  2 acid dragons
  18 water moccasins
  A necrophage (D:4)
  9 orc warriors
  2 black bears
  An ogre (D:5)
  18 wolves
  13 centaurs
  A phantom (D:5)
  A kobold brigand (D:8)
  19 bullfrogs
  5 scorpions
  19 killer bees
  4 howler monkeys
  12 wights
  An electric eel (Lair:5)
  4 centaur zombies
  A jelly (D:6)
  A gnoll shaman (D:4)
  10 orc priests
  2 hounds
  A centaur skeleton (D:6)
  2 hell rats (Lair:2)
  An iguana (D:4)
  10 orc wizards
  A wolf simulacrum (IceCv)
  A centaur simulacrum (D:9)
  2 howler monkey zombies
  11 gnolls
  2 howler monkey skeletons
  6 river rats (Lair:2)
  4 adders
  A shadow imp (D:7)
  3 white imps
  An ufetubus (D:5)
  3 adder skeletons (D:4)
  6 worms
  3 dart slugs
  39 orcs
  6 ball pythons
  12 bats
  3 endoplasms
  10 giant cockroaches
  2 goblins (D:2)
  3 hobgoblins
  10 jackals
  11 kobolds
  6 quokkas
  4 frilled lizards
  6 rats
471 creatures vanquished.

Vanquished Creatures (others)
  A centaur (D:9)
  28 fungi
  36 plants
65 creatures vanquished.

Grand Total: 536 creatures vanquished

Notes
Turn   | Place    | Note
-------+----------+-------------------------------------------
     0 | D:1      | McKennaii the Demonspawn Fighter began the quest for the
                  | Orb.
     0 | D:1      | Reached XP level 1. HP: 18/18 MP: 1/1
   325 | D:1      | Gained mutation: Your demonic aura sometimes causes spilled
                  | blood to erupt in flames. [demonic ancestry]
   325 | D:1      | Reached XP level 2. HP: 24/24 MP: 2/2
   588 | D:1      | Found a faded altar of an unknown god.
  1026 | D:2      | Gained mutation: You are partially covered in sharp spines.
                  | [demonic ancestry]
  1026 | D:2      | Reached XP level 3. HP: 27/29 MP: 3/3
  1131 | D:2      | Reached XP level 4. HP: 29/35 MP: 4/4
  1777 | D:3      | Gained mutation: Your touch may inflict minor irresistible
                  | damage on your foes. [demonic ancestry]
  1777 | D:3      | Reached XP level 5. HP: 33/42 MP: 5/5
  2245 | D:4      | Reached skill level 4 in Fighting
  2380 | D:4      | Found a sacrificial altar of Ru.
  2479 | D:4      | Reached XP level 6. HP: 27/49 MP: 6/6
  3226 | D:4      | Reached skill level 5 in Fighting
  3308 | D:4      | Reached XP level 7. HP: 25/56 MP: 7/7
  3312 | D:4      | Reached skill level 5 in Armour
  3597 | D:4      | Noticed Pikel
  3604 | D:4      | Killed Pikel
  3605 | D:4      | Reached skill level 7 in Fighting
  3605 | D:4      | Reached XP level 8. HP: 35/67 MP: 8/8
  3998 | D:5      | Entered Level 5 of the Dungeon
  4203 | D:5      | Reached skill level 1 in Short Blades
  5072 | D:5      | You fall into a shaft and drop 3 floors!
  5106 | D:8      | Noticed Maurice
  5141 | D:8      | Killed Maurice
  5142 | D:8      | Reached skill level 8 in Fighting
  5142 | D:8      | Gained mutation: You are partially covered in slimy green
                  | scales. (AC +2) [demonic ancestry]
  5142 | D:8      | Reached XP level 9. HP: 23/74 MP: 9/9
  6039 | D:6      | Found a staircase to the Ecumenical Temple.
  6227 | D:6      | Found a glowing drain.
  6248 | Sewer    | Entered a sewer
  6279 | Sewer    | Reached skill level 9 in Fighting
  6371 | Temple   | Entered the Ecumenical Temple
  6441 | Temple   | Became a worshipper of Gozag Ym Sagoz the Greedy
  6774 | D:6      | Reached skill level 5 in Short Blades
  8194 | D:7      | Gained mutation: Your demonic aura often causes spilled
                  | blood to erupt in flames. [demonic ancestry]
  8194 | D:7      | Reached XP level 10. HP: 81/83 MP: 10/10
  8676 | D:8      | Found a staircase to the Lair.
  8817 | D:8      | Noticed Maggie
  8840 | D:8      | Killed Maggie
  9250 | D:9      | Noticed a two-headed ogre
  9257 | D:9      | Killed a two-headed ogre
  9258 | D:9      | Reached skill level 10 in Fighting
  9261 | D:9      | Noticed Prince Ribbit
  9273 | D:9      | Killed Prince Ribbit
  9525 | D:9      | Found a transporter.
  9526 | D:9      | Noticed Andrea's ghost (novice HuFi)
  9531 | D:9      | Found a transporter.
  9555 | D:9      | Found a staircase to the Orcish Mines.
  9672 | D:9      | Noticed a centaur warrior
  9682 | D:9      | Killed a centaur warrior
  9683 | D:9      | Gained mutation: Your demonic aura causes all spilled blood
                  | to erupt in flames. [demonic ancestry]
  9683 | D:9      | Reached XP level 11. HP: 78/92 MP: 11/11
  9693 | D:9      | Noticed a steelbarb worm
  9838 | D:9      | Reached skill level 10 in Armour
 10083 | D:9      | Noticed a radroach
 10114 | D:9      | Identified the +8 war axe of the Sky {elec, Str+3}
 10153 | D:9      | Noticed a great orb of eyes
 10153 | D:9      | a radroach changed into a great orb of eyes
 10196 | D:9      | Killed a great orb of eyes
 10197 | D:9      | Reached skill level 11 in Fighting
 10254 | D:9      | Identified the amulet of Winter {RegenMP rF+ rCorr}
 10639 | D:10     | Entered Level 10 of the Dungeon
 10639 | D:10     | Noticed a two-headed ogre
 10645 | D:10     | Killed a two-headed ogre
 10732 | D:10     | Noticed a two-headed ogre
 10739 | D:10     | Killed a two-headed ogre
 10840 | D:10     | Noticed Harold
 11243 | D:11     | Noticed an orc knight
 11528 | D:10     | Killed Harold
 11850 | D:11     | Killed an orc knight
 11987 | D:11     | Reached skill level 12 in Fighting
 12887 | D:11     | Found Guank's Superior Scales.
 12895 | D:11     | Reached XP level 12. HP: 88/102 MP: 12/12
 12996 | D:12     | Noticed Josephine
 13056 | D:9      | Paralysed by a hornet for 3 turns
 13279 | D:9      | Killed Andrea's ghost
 13672 | Lair:1   | Entered Level 1 of the Lair of Beasts
 14784 | Lair:2   | Bought a masterwork scimitar for 279 gold pieces
 14784 | Lair:2   | Identified the +11 scimitar of Intimidation {vorpal, Dex+4}
                  | (You bought it in a shop on level 2 of the Lair of Beasts)
 14792 | Lair:2   | Reached skill level 10 in Short Blades
 14829 | Lair:2   | Found a hazy altar of Hepliaklqana.
 14829 | Lair:2   | Noticed Sonja
 14857 | Lair:2   | Killed Sonja
 14858 | Lair:2   | Reached skill level 13 in Fighting
 15148 | Lair:2   | Gained mutation: You punish those that try to bend your
                  | will. (Will+) [demonic ancestry]
 15148 | Lair:2   | Reached XP level 13. HP: 102/111 MP: 13/13
 15504 | Lair:2   | Reached skill level 1 in Long Blades
 16442 | Lair:4   | Reached skill level 14 in Fighting
 16540 | Lair:4   | Found a staircase to the Swamp.
 16591 | Lair:4   | Noticed Kirke
 16597 | Lair:4   | Killed Kirke
 16771 | Lair:4   | Found a staircase to the Snake Pit.
 18011 | Lair:6   | Entered Level 6 of the Lair of Beasts
 18039 | Lair:6   | Reached XP level 14. HP: 89/121 MP: 14/14
 18298 | Lair:6   | Reached skill level 15 in Fighting
 18321 | Lair:6   | Found a frozen archway.
 18360 | IceCv    | Entered an ice cave
 18371 | IceCv    | HP: 3/123 [polar bear simulacrum (8)]
 18371 | IceCv    | Demolished by a polar bear simulacrum

Illustrated notes

Levels and vault maps discovered:
D:1:      lightli_arrival_lavapool, layout_basic,
          ebering_ecumenical_altar_sacrificial
D:2:      layout_basic, st_stairs_7, chequers_serial_rivers_marsh,
          minmay_pentomino_s2
D:3:      layout_rooms, minivault_11, minmay_distorted
D:4:      layout_gridville, nicolae_ru_path_of_blood, uniq_pikel
D:5:      layout_loops_corners, minmay_misc_feat_more_columns
D:6:      layout_layer_cave, minmay_temple_entry_drinking_statues,
          cheibrodos_sewer_entry_bend
D:7:      layout_basic, minmay_holes
D:8:      layout_loops_ring, grunt_lair_entry_orc_guard_hut, uniq_maurice,
          uniq_maggie
D:9:      layout_rooms, minmay_orc_entry_temple_small, gammafunk_ghost_arena,
          minmay_diamond_spiral, uniq_prince_ribbit1
D:10:     layout_basic, uniq_harold
D:11:     layout_basic, hellmonk_scale_shop
D:12:     layout_long_grid, serial_undead, serial_undead_f, serial_undead_e,
          serial_undead_b, serial_undead_e, serial_undead_c, uniq_josephine,
          uniq_fannar, uniq_nessos
Temple:   dpeg_three_leaves_temple
Lair:1:   layout_cave_pods, special_room [special_room_bee]
Lair:2:   layout_long_grid, basic_altar, kennysheep_rathole, uniq_sonja
Lair:3:   layout_long_grid, grunt_megastairs_5
Lair:4:   layout_roguey, minmay_swamp_entry_worms,
          minmay_snake_entry_six_corridors, grunt_megastairs_4, uniq_kirke
Lair:5:   layout_roguey, serial_bayou_ford_a, lemuel_fruit_tree
Lair:6:   cheibrodos_lair_end_hotspot, layout_gridlike, slime_altar_2,
          nicolae_volcano_entry_s_turn, portal_ice_cave_entry_pillars_1,
          guppyfry_lair_drakes
IceCv:    ice_cave_statue_garden_transporter

Skill      XL: |  1  2  3  4  5  6  7  8  9 10 11 12 13 14 |
---------------+-------------------------------------------+-----
Polearms       | 2 3 |  3.0
Armour         | 3 4 6 7 8 9 11 12 13 | 13.9
Shields        | 3 |  3.5
Fighting       | 4 5 7 8 9 10 12 13 14 15 | 15.0
Short Blades   | 3 5 7 9 10 12 | 12.3
Long Blades    | 1 |  1.4

Action                   |  1- 3 |  4- 6 |  7- 9 | 10-12 | 13-15 || total
-------------------------+-------+-------+-------+-------+-------++-------
Melee: Trident           |    56 |       |       |       |       ||    56
       Spear             |    22 |   182 |   236 |    20 |       ||   460
       Touch             |       |       |    35 |   127 |    88 ||   250
       Punch             |       |       |     2 |    16 |     9 ||    27
       Short sword       |       |       |    62 |   582 |   258 ||   902
       Scimitar          |       |       |       |    67 |   118 ||   185
Invok: Call Merchant     |       |       |       |     1 |       ||     1
Evoke: Wand              |       |       |       |    23 |     4 ||    27
  Use: Scroll            |       |       |     8 |       |       ||     8
       Potion            |       |       |     1 |       |     2 ||     3
 Stab: Distracted        |       |       |     1 |     2 |     4 ||     7
       Paralysed         |       |       |       |       |     6 ||     6
Armor: Scale mail        |    20 |    35 |    71 |       |       ||   126
       Plate armour      |       |       |    49 |   369 |   238 ||   656
Dodge: Dodged            |    22 |    53 |    98 |   306 |   155 ||   634
Block: Buckler           |    11 |    26 |     7 |       |       ||    44
